Map: Winter Madness LE

Players

HoldTheDoor

  • Race: Protoss Protoss
  • League: Diamond
  • Spawn Location: 11:00

ПьяныйМастер - Winner!

  • Race: Terran Terran
  • League: Diamond
  • Spawn Location: 5:00

VOD

Have the link to the VOD?

Description

Time

  • Played on: May 14, 2026, 1:26 p.m.
  • Length: 11:18
Show
View Real Time Build Order
Export as new Build Order

HoldTheDoor Protoss 

Build Orders: 1 Gate Expand, Phoenix Opening 

Get SALT Encoding   

  12  0:00  Probe  
  13  0:12  Probe  
  14  0:17  Pylon  
  14  0:24  Probe  
  15  0:32  Probe  
  15  0:38  Gateway  
  15  0:40  Probe  
  16  0:48  Assimilator  
  17  0:50  Probe  
  18  1:00  Pylon  
  18  1:04  Probe  
  19  1:16  Probe  
  20  1:30  Nexus  
  20  1:34  Cybernetics Core  
  20  1:39  Probe  
  21  1:44  Assimilator  
  21  1:51  Probe  
  22  1:55  Pylon  
  22  2:03  Probe, Adept  
  23  2:12  Warp Gate  
  23  2:15  Probe  
  26  2:27  Probe  
  27  2:39  Probe, Pylon  
  29  2:44  Probe  
  29  2:47  Shield Battery  
  29  2:51  Probe  
  29  2:54  Stargate  
  29  2:56  Probe  
  31  3:03  Probe  
  32  3:05  Gateway  
  32  3:08  Probe  
  32  3:10  Gateway  
  33  3:15  Probe  
  34  3:21  Sentry  
  34  3:23  Probe  
  34  3:26  Assimilator  
  37  3:27  Probe  
  37  3:31  Gateway  
  37  3:40  Phoenix  
  32  3:53  Probe x2  
  33  3:57  Shield Battery  
  33  4:04  Stalker  
  33  4:05  Probe x2  
  33  4:06  Sentry  
  39  4:14  Phoenix  
  41  4:17  Probe  
  41  4:22  Twilight Council  
  42  4:24  Probe  
  42  4:29  Probe  
  44  4:36  Probe  
  44  4:37  Stalker  
  47  4:42  Pylon  
  47  4:47  Probe  
  47  4:49  Charge  
  47  4:50  Stalker  
  50  4:55  Probe  
  50  4:59  Probe  
  52  5:04  Zealot  
  52  5:06  Zealot  
  56  5:09  Sentry  
  58  5:16  Probe  
  58  5:20  Probe  
  60  5:22  Pylon  
  60  5:23  Zealot  
  62  5:29  Pylon  
  62  5:31  Pylon  
  62  5:40  Probe x2  
  64  5:52  Probe  
  63  6:01  Stalker x3  
  63  6:02  Stalker  
  66  6:30  Probe  
  66  6:31  Phoenix  
  69  6:37  Probe  
  70  6:44  Probe  
  71  6:59  Nexus, Pylon  
  71  7:11  Probe  
  71  7:12  Probe  
  71  7:15  Stalker x2  
  74  7:16  Stalker x2  
  79  7:31  Probe x2  
  81  7:42  Phoenix  
  81  7:43  Probe x2  
  85  7:53  Pylon  
  85  7:55  Probe  
  85  7:56  Pylon  
  85  7:58  Blink  
  86  7:59  Pylon  
  86  8:03  Stalker x2  
  90  8:19  Stalker x2  
  94  8:30  Forge  
  94  8:31  Pylon  
  94  8:33  Stalker x2  
  98  8:35  Pylon  
  98  8:40  Probe  
  98  8:41  Probe x2  
  101  8:46  Assimilator  
  101  8:51  Templar Archives  
  101  8:53  Probe  
  101  8:55  Probe  
  103  9:01  Probe  
  104  9:08  Stalker x2  
  108  9:15  Gateway  
  108  9:16  Gateway  
  74  10:07  Zealot x4  
  68  10:13  High Templar  
  80  10:15  Void Ray  
  80  10:16  Probe  
  80  10:20  Probe x2  
  83  10:23  Assimilator  
  83  10:29  Robotics Facility  
  83  10:33  Gateway x2  
  83  10:37  Gateway  
  83  10:38  Zealot  
  83  10:39  Zealot x4  
  83  10:40  Gateway  
  83  10:42  Assimilator  
  93  10:44  Pylon  
  93  10:52  Zealot  
  83  11:00  Zealot x2  
  83  11:01  Zealot x3, Gateway  
  91  11:04  Gateway  
  91  11:08  Pylon  
  81  11:13  Zealot  
Show
View Real Time Build Order
Export as new Build Order

ПьяныйМастер Terran - Winner!

Build Orders:  

Get SALT Encoding   

  12  0:00  SCV  
  13  0:12  SCV  
  14  0:18  Supply Depot  
  14  0:25  SCV  
  15  0:41  Barracks  
  15  0:45  Refinery  
  15  0:48  Refinery  
  15  0:50  SCV  
  16  1:02  SCV  
  17  1:27  Orbital Command  
  17  1:33  Reaper  
  18  1:45  Supply Depot  
  18  1:56  Factory  
  18  2:00  SCV  
  19  2:06  Reaper  
  20  2:14  SCV  
  21  2:18  Supply Depot  
  21  2:26  SCV  
  22  2:38  SCV  
  22  2:40  Hellion  
  25  2:50  SCV  
  26  2:53  Command Center  
  26  3:03  Starport  
  26  3:05  Factory Tech Lab  
  26  3:08  Barracks Reactor  
  26  3:10  SCV  
  27  3:18  Supply Depot  
  27  3:22  SCV  
  27  3:25  Cyclone  
  33  3:50  Marine x2  
  33  3:54  Medivac  
  31  4:03  Bunker  
  31  4:05  Siege Tank  
  31  4:06  Orbital Command  
  31  4:08  Marine  
  31  4:09  Refinery, SCV  
  36  4:12  Marine  
  37  4:27  SCV  
  37  4:28  Liberator  
  37  4:29  Supply Depot  
  41  4:35  Marine  
  41  4:36  Marine  
  43  4:39  Supply Depot  
  43  4:43  SCV  
  43  4:44  SCV  
  45  5:02  Supply Depot  
  45  5:09  Siege Tank  
  45  5:10  Marine x2  
  45  5:11  SCV x2  
  52  5:21  Barracks  
  52  5:23  Barracks, SCV  
  53  5:29  SCV  
  53  5:30  Engineering Bay  
  54  5:35  SCV  
  54  5:42  SCV  
  56  5:45  Marine x2  
  56  5:46  Siege Tank  
  56  5:47  Liberator  
  64  6:03  Marine x2  
  62  6:09  Engineering Bay  
  62  6:11  Missile Turret  
  59  6:13  Barracks Tech Lab  
  59  6:15  Barracks Tech Lab  
  59  6:16  SCV x2  
  58  6:22  Missile Turret  
  58  6:26  Marine x2  
  58  6:28  SCV x2  
  58  6:32  Refinery  
  62  6:37  Terran Infantry Armor Level 1, Terran Infantry Weapons Level 1  
  62  6:38  Missile Turret  
  62  6:50  SCV x2  
  62  6:51  Supply Depot  
  62  6:52  Stimpack  
  64  6:54  Supply Depot  
  64  6:55  Combat Shield  
  64  7:04  Starport Reactor  
  65  7:09  Marine x2  
  65  7:10  Marauder  
  65  7:11  Marauder  
  70  7:21  SCV x2  
  68  7:31  Marine x2  
  68  7:32  Marauder  
  72  7:38  Marauder  
  72  7:39  Siege Tank  
  72  7:40  Barracks  
  72  7:43  Barracks  
  77  7:48  Armory  
  77  7:52  Marine x2  
  79  7:59  SCV x2  
  79  8:00  Marauder  
  79  8:01  Marauder  
  79  8:05  Supply Depot  
  85  8:06  Supply Depot  
  85  8:08  Medivac  
  85  8:11  Medivac  
  89  8:19  SCV  
  91  8:20  SCV  
  91  8:32  Marine x2, Marauder  
  91  8:33  Marauder  
  97  8:36  Barracks Reactor  
  97  8:37  Barracks Reactor, Concussive Shells  
  97  9:01  Medivac x2  
  97  9:02  Siege Tank  
  104  9:03  Marauder  
  104  9:04  Marine x2  
  104  9:09  Command Center  
  108  9:17  Supply Depot  
  98  9:59  Cyclone  
  91  10:13  Marine x6, Marauder x2  
  101  10:15  Medivac x2  
  105  10:23  Barracks  
  105  10:24  Barracks  
  105  10:26  Command Center, SCV  
  105  10:27  SCV  
  107  10:30  Marine  
  107  10:31  Marine x5  
  107  10:34  Marine x2  
  115  10:45  Medivac  
  115  10:48  Marine  
  112  10:59  Marine  
  112  11:00  Marine  
Tags
 
Add a new tag
Caveats
  • Supply blocks, unpowered buildings, or Contaminate may cause inaccurate times.
  • Supply counts are checked every 10 seconds.